 Dungeon Crawl Stone Soup version bcrawl-1.21.3-2-g9d8a61a446 (webtiles) character file.

Game seed: 8567884744688210882

7347 Chiseanne the Cruncher (level 10, -7/82 HPs)
             Began as a Demonspawn Archaeologist on Apr 14, 2020.
             Was an Initiate of Gozag.
             Mangled by an iguana (12 damage)
             ... on level 10 of the Dungeon on Apr 16, 2020.
             The game lasted 00:37:53 (11853 turns).

Chiseanne the Cruncher (Demonspawn Archaeologist)  Turns: 11853, Time: 00:37:53

Health: -7/82      AC:  8    Str: 13    XL:     10   Next: 91%
Magic:  10/10      EV: 16    Int: 18    God:    Gozag
Gold:   548        SH:  6    Dex: 13    Spells: 9/9 levels left

rFire    + . .     SeeInvis .   w - +8 hunting sling of Wisdom {venom, Int+2}
rCold    . . .     Gourm    .   (no shield)
rNeg     + . .     Faith    .   B - +1 leather armour {rN+}
rPois    .         Spirit   .   c - +1 hat
rElec    .         Reflect  .   (no cloak)
rCorr    +         Harm     .   j - +0 pair of gloves
MR       .....                  C - +1 pair of boots
Stlth    ++........             n - amulet of magic regeneration
HPRegen  0.23/turn              F - ring of protection from fire
MPRegen  0.37/turn              K - ring of resist corrosion

@: no status effects
A: antennae 2, large bone plates 2, powered by pain 1
a: Potion Petition, Call Merchant, Bribe Branch, Renounce Religion


You were on level 10 of the Dungeon.
You worshipped Gozag.
Gozag was pleased with you.
You were not hungry.

You visited 1 branch of the dungeon, and saw 11 of its levels.

You collected 1512 gold pieces.
You spent 909 gold pieces at shops.
You paid 55 gold pieces to Gozag.

Inventory:

Hand Weapons
 a - a +4 dagger of venom
 b - a +2 war axe of electrocution
 s - a +0 quarterstaff of protection
 w - the +8 hunting sling of Wisdom (weapon) {venom, Int+2}
   (You bought it in a shop on level 4 of the Dungeon)

   It poisons the ammo it fires.
   It affects your intelligence (+2).
 M - the +7 spear of Ashenzari's Scorn {flame, rN+}
   (You took it off an orc on level 11 of the Dungeon)

   It has been specially enchanted to burn those struck by it, causing extra
   injury to most foes and up to half again as much damage against particularly
   susceptible opponents.
   It protects you from negative energy.
Missiles
 f - 210 tomahawks
 i - 100 poisoned needles
 k - 1905 stones (quivered)
 m - 1032 arrows
 z - 1879 sling bullets
 A - 826 bolts
Armour
 c - a +1 hat (worn)
 j - a +0 pair of gloves (worn)
 B - a +1 leather armour of positive energy (worn)
 C - a +1 pair of boots (worn)
Jewellery
 h - an uncursed ring of ice
 n - an amulet of magic regeneration (around neck)
 p - an uncursed ring of wizardry {unknown}
 F - a ring of protection from fire (left hand)
 K - a ring of resist corrosion (right hand)
Wands
 d - a wand of random effects (7)
 v - a wand of acid (10)
 y - a wand of flame (16)
 L - a wand of polymorph (30)
 N - a wand of paralysis (5)
Scrolls
 g - 7 scrolls of magic mapping
 o - a scroll of fear
 t - 6 scrolls of teleportation
 x - 3 scrolls of amnesia
 E - 2 scrolls of identify
 I - 3 scrolls of remove curse
 J - 2 scrolls of blinking
Potions
 l - 2 potions of flight
 q - 2 potions of mutation
 r - a potion of haste
 u - a potion of lignification
 D - 2 potions of curing
 H - 3 potions of might
Miscellaneous
 G - a lightning rod (1/4)
Comestibles
 e - 9 rations {!d}


   Skills:
 * Level 8.4 Fighting
   Level 0.8(8.5) Maces & Flails
 - Level 12.9(13.0) Staves
 * Level 5.2 Slings
 * Level 8.2 Dodging
 - Level 3.0 Stealth


You had 9 spell levels left.
You didn't know any spells.
Your spell library contained the following spells:

 Spells                   Type           Power        Failure   Level  Hunger
 Sting                    Conj/Pois      #...         28%         1    ##.....
 Poisonous Vapours        Pois/Air       #.....       38%         2    ###....
 Mephitic Cloud           Conj/Pois/Air  #.......     63%         3    ####...
 Olgreb's Toxic Radiance  Pois           #.......     95%         4    #####..
 Summon Scorpions         Summ/Pois      #.......     95%         4    #####..


Dungeon Overview and Level Annotations

Branches:
Dungeon (11/12)            Temple (0/1) D:7            Lair (0/6) D:7
    Orc (0/1) D:11
 Vaults: D:11-12

Altars:
Dithmenos
Elyvilon
Gozag
Makhleb
Nemelex Xobeh
Qazlal
Trog
Vehumet
Wu Jian

Shops:
D:4 (   D:7 *

Annotations:
D:5 Dowan, Duvessa


Innate Abilities, Weirdness & Mutations

You have a pair of antennae on your head.
You are mostly covered in large bone plates. (SH +6)
You sometimes gain a little power by taking damage.


Message History

An iguana comes into view.
You see here a wand of acid (9).
v - a wand of acid (10) (gained 9 charges)
You hit the iguana but do no damage.
Your weapon exudes an aura of protection.
The iguana bites you!
* * * LOW HITPOINT WARNING * * *
You hit the iguana but do no damage.
Really quaff the potion of mutation? [Y]es or [N]o only, please.
Really quaff the potion of mutation?
Okay, then.
Wield which item (- for none, * to show all)? (? for menu, Esc to quit)
Your +0 quarterstaff of protection goes still.
You feel clever.
The +8 hunting sling of Wisdom {venom, Int+2} begins to drip with poison!
w - the +8 hunting sling of Wisdom (weapon)
{venom, Int+2} The iguana bites you!
You die...
Your body crumbles into a pile of gold.

#.......# #.......#
#.......# # #.......# #
#.......# # #.......# #
#.......# #### #@# ###
..... #l# #.. ##... ###
#.####..## # ... ....
#.##.....# # ..
....!##........###. .
....................
.....##........#....
........##..........$..
........#..#......$...


You could see an iguana.

Vanquished Creatures
  A hydra (D:11)
  Pikel (D:3)
  A centaur skeleton (D:10)
  3 trolls
  Prince Ribbit (D:5)
  A slime creature (shapeshifter) (D:8)
  A hippogriff (D:7)
  Sigmund (D:2)
  Eustachio (D:4)
  2 hungry ghosts
  Menkaure (D:5)
  2 sky beasts
  An ice beast (D:7)
  4 orc warriors
  A slave (D:3)
  2 eyes of draining (D:6)
  A necrophage (D:7)
  5 ogres
  3 centaurs
  A phantom (D:5)
  2 wolves (D:7)
  5 big kobolds
  4 bullfrogs
  A gnoll sergeant (D:11)
  A scorpion (D:4)
  A water moccasin skeleton (D:4)
  3 wights
  An electric eel (D:7)
  2 howler monkeys (D:7)
  A bullfrog zombie (D:7)
  10 hounds
  2 jellies (D:8)
  6 orc priests
  4 orc wizards
  7 worker ants
  A hound zombie (D:6)
  A hound skeleton (D:7)
  2 howler monkey zombies
  2 gnolls
  4 howler monkey skeletons
  11 adders
  An ooze (D:5)
  2 worms
  2 dart slugs
  3 leopard geckos
  33 orcs
  A ball python (D:2)
  3 giant cockroaches
  9 goblins
  9 hobgoblins
  18 jackals
  28 kobolds
  9 quokkas
  4 bats
  3 frilled lizards
  A leopard gecko zombie (D:5)
  A quokka skeleton (D:4)
  6 rats
238 creatures vanquished.

Vanquished Creatures (collateral kills)
  A kobold (D:6)
1 creature vanquished.

Vanquished Creatures (others)
  An orc priest (D:4)
  An orc wizard (D:4)
  A kobold (D:6)
3 creatures vanquished.

Grand Total: 242 creatures vanquished

Notes
Turn   | Place    | Note
-------+----------+-------------------------------------------
     0 | D:1      | Chiseanne the Demonspawn Archaeologist began the quest for
                  | the Orb.
     0 | D:1      | Reached XP level 1. HP: 15/15 MP: 1/1
   535 | D:1      | Gained mutation: You are partially covered in large bone
                  | plates. (SH +4) [demonic ancestry]
   535 | D:1      | Reached XP level 2. HP: 21/21 MP: 2/2
  1041 | D:2      | Found a faded altar of an unknown god.
  1051 | D:2      | Noticed Sigmund
  1081 | D:1      | Reached XP level 3. HP: 28/28 MP: 3/3
  1380 | D:3      | Reached XP level 4. HP: 19/34 MP: 4/4
  2317 | D:2      | Killed Sigmund
  2317 | D:2      | Gained mutation: You have a pair of small antennae on your
                  | head. [demonic ancestry]
  2317 | D:2      | Reached XP level 5. HP: 42/42 MP: 5/5
  2317 | D:2      | Identified a scroll of acquirement
  2344 | D:3      | Found a burning altar of Makhleb.
  2419 | D:3      | Reached XP level 6. HP: 45/48 MP: 6/6
  2767 | D:4      | Reached skill level 1 in Staves
  2802 | D:4      | Reached skill level 2 in Staves
  3195 | D:3      | Reached skill level 3 in Staves
  3649 | D:4      | Noticed a slave
  3649 | D:4      | Noticed a slave
  3649 | D:4      | Noticed a slave
  3650 | D:4      | Noticed Pikel
  3652 | D:4      | Noticed a slave
  3659 | D:3      | Reached skill level 4 in Staves
  3680 | D:3      | Killed a slave
  3743 | D:3      | Killed Pikel
  3743 | D:3      | Reached skill level 8 in Staves
  3743 | D:3      | Gained mutation: You are mostly covered in large bone
                  | plates. (SH +6) [demonic ancestry]
  3743 | D:3      | Reached XP level 7. HP: 37/54 MP: 7/7
  3899 | D:3      | Reached skill level 9 in Staves
  3899 | D:3      | Gained mutation: You have a pair of antennae on your head.
                  | [demonic ancestry]
  3899 | D:3      | Reached XP level 8. HP: 45/60 MP: 8/8
  4131 | D:4      | Noticed Eustachio
  4140 | D:4      | Killed Eustachio
  4149 | D:4      | Reached skill level 10 in Staves
  4549 | D:4      | Found Ratohier's Weapon Emporium.
  4864 | D:5      | Entered Level 5 of the Dungeon
  4878 | D:5      | Reached skill level 11 in Staves
  5065 | D:5      | Found a sparkling altar of Nemelex Xobeh.
  5065 | D:5      | Found an opulent altar of Gozag.
  5086 | D:5      | Became a worshipper of Gozag Ym Sagoz the Greedy
  5384 | D:5      | Found a stormy altar of Qazlal.
  5519 | D:5      | Reached skill level 12 in Staves
  6111 | D:6      | Noticed Menkaure
  6111 | D:6      | Noticed Prince Ribbit
  6851 | D:5      | Killed Menkaure
  6851 | D:5      | Gained mutation: You sometimes gain a little power by
                  | taking damage. [demonic ancestry]
  6851 | D:5      | Reached XP level 9. HP: 41/65 MP: 9/9
  6987 | D:5      | Killed Prince Ribbit
  7436 | D:5      | Reached skill level 5 in Dodging
  7682 | D:6      | Reached skill level 5 in Fighting
  7688 | D:6      | Noticed Duvessa
  7702 | D:6      | Noticed Dowan
  8189 | D:6      | Found a bloodstained altar of Trog.
  8711 | D:4      | Bought the +8 hunting sling of Wisdom {venom, Int+2} for
                  | 583 gold pieces
  8812 | D:7      | Noticed a troll
  8835 | D:7      | Killed a troll
  8835 | D:7      | Reached skill level 1 in Slings
  9092 | D:7      | Found a radiant altar of Vehumet.
  9092 | D:7      | Found a white marble altar of Elyvilon.
  9378 | D:7      | Reached XP level 10. HP: 55/77 MP: 10/10
  9475 | D:7      | Found a staircase to the Lair.
  9780 | D:7      | Found a staircase to the Ecumenical Temple.
  9818 | D:7      | Found Rurhe's General Store.
  9827 | D:7      | Bought a +0 quarterstaff of protection for 95 gold pieces
  9827 | D:7      | Bought a scroll of magic mapping for 49 gold pieces
  9827 | D:7      | Bought 2 potions of might for 112 gold pieces
  9827 | D:7      | Bought a ration for 70 gold pieces
 10704 | D:8      | Found a shadowy altar of Dithmenos.
 10717 | D:8      | Noticed a salamander
 10732 | D:8      | a salamander changed into a slime creature
 10816 | D:8      | Found an ornate altar of the Wu Jian Council.
 11178 | D:10     | Entered Level 10 of the Dungeon
 11348 | D:11     | Noticed Psyche
 11348 | D:11     | Noticed a seven-headed hydra
 11367 | D:11     | Killed a seven-headed hydra
 11398 | D:11     | Identified the +7 spear of Ashenzari's Scorn {flame, rN+}
 11674 | D:11     | Noticed a rakshasa
 11683 | D:11     | Identified Sif Muna's Grimoire of Contamination
 11725 | D:11     | Upgraded the game from bcrawl-1.21.3-1-g0d72ed7573 to
                  | bcrawl-1.21.3-2-g9d8a61a446
 11725 | D:11     | Found a staircase to the Orcish Mines.
 11763 | D:11     | Reached skill level 5 in Slings
 11853 | D:10     | Mangled by an iguana

Skill      XL: |  1  2  3  4  5  6  7  8  9 10 |
---------------+-------------------------------+-----
Dodging        | 3 4 6 8 |  8.2
Fighting       | 2 4 6 8 |  8.4
Staves         | 8 9 12 | 12.9
Slings         | 2 5 |  5.2
Maces & Flails | |  0.8
Stealth        | |  3.0

Action                   |  1- 3 |  4- 6 |  7- 9 | 10-12 || total
-------------------------+-------+-------+-------+-------++-------
Melee: Hand axe          |   110 |    75 |       |       ||   185
       Flail             |       |    18 |       |       ||    18
       Morningstar       |       |    46 |   133 |    14 ||   193
       Dagger            |       |    38 |   229 |       ||   267
       Quarterstaff      |       |       |       |    78 ||    78
 Fire: Blowgun           |       |       |    12 |       ||    12
       Hunting sling     |       |       |    41 |   180 ||   221
Throw: Tomahawk          |       |    19 |    24 |       ||    43
       Stone             |       |     3 |    17 |       ||    20
Invok: Potion Petition   |       |       |       |     1 ||     1
Evoke: Wand              |       |     3 |     8 |     8 ||    19
       Lightning rod     |       |       |       |     4 ||     4
  Use: Scroll            |     2 |     7 |    11 |     3 ||    23
       Potion            |       |     1 |     1 |     3 ||     5
 Stab: Sleeping          |     2 |       |     2 |       ||     4
       Paralysed         |       |     6 |     4 |       ||    10
       Invisible         |       |       |       |     3 ||     3
       Distracted        |       |       |       |     1 ||     1
  Eat: Chunk             |     1 |     8 |     5 |       ||    14
       Ration            |       |       |     8 |     1 ||     9
Armor: Robe              |    11 |       |       |       ||    11
       Scale mail        |    72 |    86 |    16 |       ||   174
       Leather armour    |       |       |   105 |    24 ||   129
Dodge: Dodged            |    74 |   100 |   261 |   117 ||   552
Block: Other             |    25 |    38 |   103 |    48 ||   214
